 Dungeon Sprint DCSS version 0.21.1-1-g345015f (webtiles) character file.

1946 beigtais the Cleaver (level 8, -1/123 HPs)
             Began as a Minotaur Fighter on Feb 7, 2018.
             Was a Believer of Trog.
             Slain by a demonic crawler (3 damage)
             ... in the Dungeon (Sprint I: "Red Sonja").
             The game lasted 00:05:27 (1188 turns).

beigtais the Cleaver (Minotaur Fighter)             Turns: 1188, Time: 00:05:27

Health: -1/123     AC:  9    Str: 26    XL:     8   Next: 98%
Magic:  7/7        EV: 10    Int:  5    God:    Trog [**....]
Gold:   427        SH: 13    Dex: 12    Spells: 7/7 levels left

rFire    . . .     SeeInvis .   a - +0 war axe
rCold    . . .     Gourm    .   c - +0 shield
rNeg     . . .     Faith    .   b - +0 scale mail
rPois    .         Spirit   .   (helmet restricted)
rElec    .         Reflect  .   (no cloak)
rCorr    .         Harm     .   (no gloves)
MR       .....     NoTele   +   (no boots)
Stlth    ..........             (no amulet)
HPRegen  0.30/turn              (no ring)
MPRegen  0.10/turn              (no ring)

@: mighty, berserking (expiring), hasted, very quick
A: retaliatory headbutt, horns 2
a: Berserk, Trog's Hand, Burn Spellbooks, Renounce Religion


You were in the Dungeon.
You worshipped Trog.
Trog was pleased with you.
You were not hungry.

You visited 1 branch You collected 427 gold pieces.

Inventory:

Hand Weapons
 a - a +0 war axe (weapon)
Armour
 b - a +0 scale mail (worn)
 c - a +0 shield (worn)
Scrolls
 k - a scroll of blinking
Potions
 i - 2 potions of magic


   Skills:
 * Level 11.6 Fighting
 * Level 13.8 Axes
 * Level 11.7 Armour
 + Level 2.3 Dodging
 + Level 0.7 Stealth
 * Level 11.4 Shields


You had 7 spell levels left.
You didn't know any spells.

Dungeon Overview and Level Annotations

Branches:
Dungeon (1/1)

Altars:
Cheibriados
Dithmenos
Elyvilon
Fedhas
Gozag
Hepliaklqana
Kikubaaqudgha
Makhleb
Nemelex Xobeh
Okawaru
Qazlal
Ru
Sif Muna
Trog
Uskayaw
Vehumet
Wu Jian
Xom
Yredelemnul
Zin
The Shining One
Jiyva
Lugonu

Shops:
D }


Innate Abilities, Weirdness & Mutations

You reflexively headbutt those who attack you in melee.
You have a pair of horns on your head.


Message History

You hit the demonic crawler.
The demonic crawler is lightly wounded.
You slice the demonic crawler!!
The demonic crawler is severely wounded.
You barely miss the demonic crawler.
You kill the demonic crawler!
Trog accepts your kill.
You slash the demonic crawler! The demonic crawler barely misses you.
The demonic crawler misses you. You block the demonic crawler's attack.
You slash the demonic crawler!
The demonic crawler is heavily wounded.
You are too berserk!
You slash the demonic crawler!
The demonic crawler is heavily wounded.
The demonic crawler hits you but does no damage.
The demonic crawler barely misses you. You block the demonic crawler's attack.
You slash the demonic crawler! You headbutt the demonic crawler.
The demonic crawler is almost dead.
The demonic crawler hits you.
You die...

##################
.#.)'..#__#..')..#
.'..#..'..'..#).†##+#
'#####'#__####..@s..#
.#...#.#### #####..+
##..##.# ## _##'#_.+
..'..._# _##_.#+#
_###+# ##


You could see a demonic crawler.

Vanquished Creatures
  2 kobold demonologists (D)
  3 demonic crawlers (D)
  A slime creature (D)
  Sigmund (D)
  A yak (D)
  A floating eye (D)
  An ogre (D)
  A jelly (D)
  Ijyb (D)
12 creatures vanquished.

Vanquished Creatures (others)
  A gargoyle (D)
1 creature vanquished.

Grand Total: 13 creatures vanquished

Notes
Turn   | Place    | Note
-------+----------+-------------------------------------------
     0 | D        | beigtais the Minotaur Fighter began the quest for the Orb.
     0 | D        | Reached XP level 1. HP: 19/19 MP: 0/0
     1 | D        | Noticed Ijyb
    15 | D        | Killed Ijyb
    15 | D        | Reached skill level 5 in Fighting
    15 | D        | Reached skill level 3 in Axes
    15 | D        | Reached skill level 5 in Armour
    15 | D        | Reached skill level 5 in Shields
    15 | D        | Reached XP level 2. HP: 29/29 MP: 1/1
    20 | D        | Noticed an ogre
    23 | D        | Killed an ogre
    23 | D        | Reached skill level 4 in Axes
    23 | D        | Reached XP level 3. HP: 8/38 MP: 2/2
    23 | D        | Reached XP level 4. HP: 9/45 MP: 3/3
   269 | D        | Noticed Sigmund
   282 | D        | Killed Sigmund
   282 | D        | Reached skill level 7 in Axes
   282 | D        | Reached XP level 5. HP: 9/53 MP: 4/4
   302 | D        | HP: 2/53 [poisoned by Sigmund]
   310 | D        | HP: 2/53 [poisoned by Sigmund]
   427 | D        | Killed a gargoyle
   622 | D        | Found an ornate altar of the Wu Jian Council.
   622 | D        | Found a deep blue altar of Sif Muna.
   624 | D        | Found a radiant altar of Vehumet.
   630 | D        | Reached XP level 6. HP: 33/62 MP: 5/5
   774 | D        | Found Oray's Gadget Emporium.
   774 | D        | Found an ancient bone altar of Kikubaaqudgha.
   774 | D        | Found a hazy altar of Hepliaklqana.
   774 | D        | Found a stormy altar of Qazlal.
   774 | D        | Found a hide-covered altar of Uskayaw.
   774 | D        | Found a blossoming altar of Fedhas.
   774 | D        | Found a bloodstained altar of Trog.
   774 | D        | Found an iron altar of Okawaru.
   774 | D        | Found a basalt altar of Yredelemnul.
   774 | D        | Found a glowing golden altar of the Shining One.
   774 | D        | Found a snail-covered altar of Cheibriados.
   774 | D        | Found a sacrificial altar of Ru.
   774 | D        | Found a glowing silver altar of Zin.
   774 | D        | Found a shadowy altar of Dithmenos.
   774 | D        | Found a white marble altar of Elyvilon.
   774 | D        | Noticed a yak
   783 | D        | Killed a yak
   783 | D        | Reached skill level 8 in Axes
   884 | D        | Found an opulent altar of Gozag.
   885 | D        | Found a sparkling altar of Nemelex Xobeh.
   899 | D        | Became a worshipper of Trog the Wrathful
   912 | D        | Found a burning altar of Makhleb.
   912 | D        | Found a viscous altar of Jiyva.
   912 | D        | Found a shimmering altar of Xom.
   912 | D        | Found a corrupted altar of Lugonu.
   912 | D        | Noticed a slime creature
   920 | D        | Killed a slime creature
   920 | D        | Reached skill level 9 in Axes
   920 | D        | Reached skill level 10 in Armour
   920 | D        | Reached skill level 10 in Shields
   920 | D        | Reached XP level 7. HP: 38/71 MP: 6/6
  1088 | D        | Noticed a kobold demonologist
  1089 | D        | Noticed a kobold demonologist
  1090 | D        | Reached skill level 10 in Fighting
  1090 | D        | Reached skill level 10 in Axes
  1092 | D        | Noticed a rust devil
  1092 | D        | Noticed a chaos spawn
  1094 | D        | Noticed an orange demon
  1099 | D        | Noticed a rust devil
  1099 | D        | Killed a kobold demonologist
  1099 | D        | Reached * piety under Trog
  1099 | D        | Reached skill level 11 in Axes
  1099 | D        | Reached skill level 1 in Dodging
  1102 | D        | Noticed a rust devil
  1102 | D        | Killed a kobold demonologist
  1102 | D        | Reached ** piety under Trog
  1102 | D        | Reached skill level 12 in Axes
  1102 | D        | Reached XP level 8. HP: 66/81 MP: 7/7
  1169 | D        | Noticed a demonic crawler
  1169 | D        | Noticed a demonic crawler
  1169 | D        | Noticed a demonic crawler
  1169 | D        | Noticed a demonic crawler
  1177 | D        | Killed a demonic crawler
  1182 | D        | Killed a demonic crawler
  1182 | D        | Reached skill level 13 in Axes
  1182 | D        | HP: 1/123 [demonic crawler (8)]
  1185 | D        | Killed a demonic crawler
  1188 | D        | Slain by a demonic crawler

Skill      XL: |  1  2  3  4  5  6  7  8 |
---------------+-------------------------+-----
Fighting       | 5 6 8 9 10 11 | 11.6
Axes           | 3 4 7 9 12 13 | 13.8
Armour         | 5 6 8 10 11 | 11.7
Shields        | 5 7 8 9 10 11 | 11.4
Dodging        | 1 2 |  2.3
Stealth        | |  0.7

Action                   |  1- 3 |  4- 6 |  7- 9 || total
-------------------------+-------+-------+-------++-------
Melee: War axe           |    15 |    30 |    29 ||    74
       Headbutt          |     3 |    11 |     6 ||    20
  Use: Potion            |       |     2 |     3 ||     5
  Eat: Ration            |       |       |     1 ||     1
Armor: Scale mail        |     7 |     5 |    12 ||    24
Dodge: Dodged            |     3 |     5 |    15 ||    23
Block: Shield            |     9 |     7 |    26 ||    42
